 Dungeon Crawl Stone Soup version 0.28.0-53-g5a82cb258f (webtiles) character file.

Game seed: 4469726010647084707

7039 LustLizard the Cleaver (level 10, -4/90 HPs)
             Began as a Minotaur Berserker on July 17, 2022.
             Was an Elder of Trog.
             Slain by a white ugly thing (33 damage)
             ... on level 9 of the Dungeon.
             The game lasted 00:23:26 (12307 turns).

LustLizard the Cleaver (Minotaur Berserker)        Turns: 12307, Time: 00:23:27

Health: -4/90      AC: 19    Str: 23    XL:     10   Next: 83%
Magic:  9/9        EV:  7    Int:  6    God:    Trog [****..]
Gold:   696        SH:  0    Dex: 17    Spells: 9/9 levels left

rFire   . . .      SeeInvis .   B - +0 broad axe
rCold   . . .      Faith    .   (no shield)
rNeg    + . .      Spirit   .   Q - +4 plate armour
rPois   .          Reflect  .   (helmet restricted)
rElec   .          Harm     .   o - +0 cloak
rCorr   .          Rampage  .   R - +0 pair of gloves
Will    .....                   x - +0 pair of boots
Stlth   ..........              n - amulet of the acrobat
HPRegen 0.25/turn               l - ring of positive energy
MPRegen 0.11/turn               J - +6 ring of dexterity

@: no status effects
A: horns 2, retaliatory headbutt
a: Renounce Religion, Berserk, Trog's Hand, Brothers in Arms


You were on level 9 of the Dungeon.
You worshipped Trog.
Trog was greatly pleased with you.
You visited 2 branches of the dungeon, and saw 10 of its levels.

You collected 696 gold pieces.

Inventory:

Hand Weapons
 a - a +0 hand axe
 B - a +0 broad axe (weapon)
Missiles
 f - 219 stones (quivered)
 D - 4 boomerangs
 E - 27 poisoned darts
Armour
 b - a +0 animal skin
 j - a +0 chain mail
 o - a +0 cloak (worn)
 x - a +0 pair of boots (worn)
 N - a +4 ring mail
 O - a +2 ring mail of fire resistance
 Q - a +4 plate armour (worn)
 R - a +0 pair of gloves (worn)
Jewellery
 l - a ring of positive energy (left hand)
 n - an amulet of the acrobat (around neck)
 p - a ring of fire
 J - a +6 ring of dexterity (right hand)
Wands
 k - a wand of flame (67)
 u - a wand of iceblast (27)
 y - a wand of charming (9)
 K - a wand of paralysis (14)
 M - a wand of mindburst (9)
 S - a wand of acid (3)
Scrolls
 e - 5 scrolls of teleportation {unknown}
 g - 7 scrolls of identify {unknown}
 h - 3 scrolls of immolation
 m - 2 scrolls of fog {unknown}
 q - a scroll of silence {unknown}
 s - a scroll of noise {unknown}
 w - a scroll of acquirement {unknown}
 C - a scroll of enchant armour {unknown}
 H - 2 scrolls of fear {unknown}
 I - 2 scrolls of magic mapping {unknown}
 L - a scroll of holy word {unknown}
 P - a scroll of brand weapon {unknown}
 T - a scroll of amnesia {unknown}
Potions
 c - a potion of resistance {unknown}
 d - a potion of cancellation {unknown}
 i - a potion of might {unknown}
 r - a potion of mutation {unknown}
 t - 2 potions of flight {unknown}
 v - 5 potions of degeneration {unknown}
 z - 3 potions of curing {unknown}
 A - 3 potions of haste
 F - a potion of attraction {unknown}
 G - a potion of ambrosia {unknown}


   Skills:
 + Level 8.7 Fighting
 * Level 11.6 Axes
 * Level 9.0 Throwing
 * Level 4.2 Armour
 - Level 2.1 Dodging
 * Level 7.1 Evocations


You had 9 spell levels left.
You didn't know any spells.
Your spell library was empty.

Dungeon Overview and Level Annotations

Branches:
Dungeon (9/15)             Temple (0/1) D:7            Lair (0/6) D:8
    Orc (1/2) D:9

Altars:
Ashenzari
Cheibriados
Okawaru
Qazlal
Yredelemnul
Zin
The Shining One

Shops:
Orc:1 (

Annotations:
Orc:1 Nergalle


Innate Abilities, Weirdness & Mutations

You have a pair of horns on your head.
You reflexively headbutt those who attack you in melee.


Message History

Your Throwing skill increases to level 9!
Items here: [[ ††.
You start resting.
HP restored.
There is a stone staircase leading up here.
A centaur comes into view.
The centaur shouts!
The centaur wields a +0 shortbow.
The centaur shoots an arrow.
The arrow closely misses you.
The centaur unwields a +0 shortbow.
The centaur completely misses you. The centaur misses you.
You slash the centaur! You headbutt the centaur.
The centaur is heavily wounded.
The centaur barely misses you. The centaur closely misses you.
The centaur barely misses you. x2
You hit the centaur.
The centaur is severely wounded.
The centaur hits you but does no damage.
The centaur kicks you but does no damage.
A white ugly thing comes into view.
You barely miss the centaur.
The centaur is severely wounded.
The centaur hits you. The centaur closely misses you.
The centaur hits you but does no damage.
The centaur kicks you but does no damage.
You closely miss the centaur.
The centaur is severely wounded.
You hit the white ugly thing.
The white ugly thing is lightly wounded.
You slash the white ugly thing! You headbutt the white ugly thing.
The white ugly thing is moderately wounded.
The white ugly thing trunk-slaps you. The white ugly thing freezes you!!
You hit the white ugly thing. You headbutt the white ugly thing.
The white ugly thing is heavily wounded.
The white ugly thing trunk-slaps you! The white ugly thing freezes you!
You hit the white ugly thing but do no damage.
You headbutt the white ugly thing!
The white ugly thing is heavily wounded.
The white ugly thing trunk-slaps you. The white ugly thing freezes you!!
You die...

$.....^ #.### #.#
≈≈....# #...# #)#
≈^P≈^.# ###.# #.#
##PP### #.# #C#
### ##.###.#
#########.#.##>#
#........###<#.#
###.####.##.#.##.#
.....cu@..##.###.#
###..####.#### #.#
... .# #.# . .#
#.# .# ... .# .#.
.#


You could see a white ugly thing and a centaur.

Vanquished Creatures
  An orc knight (Orc:1)
  The ghost of SuperSeabass the Vandal, a novice BaAM (D:4)
  Prince Ribbit (D:8)
  A hornet (D:8)
  3 steam dragons
  2 wargs (Orc:1)
  An acid dragon (D:8)
  3 water moccasins
  3 sky beasts
  5 orc warriors
  2 necrophages (D:3)
  An ice beast (D:5)
  4 ogres
  4 centaurs
  3 kobold brigands
  5 bullfrogs
  A wyvern zombie (D:8)
  A water moccasin zombie (D:6)
  A wyvern skeleton (D:7)
  9 wights
  6 electric eels
  5 howler monkeys
  4 hounds
  A gnoll shaman (D:7)
  7 orc priests
  Crazy Yiuf (D:2)
  2 iguanas
  An iron imp (D:3)
  Jessica (D:3)
  Ijyb (D:5)
  16 orc wizards
  Terence (D:2)
  A hound skeleton (D:5)
  A howler monkey zombie (D:8)
  10 gnolls
  5 adders
  4 white imps
  2 worms
  2 dart slugs
  40 orcs
  3 endoplasms
  6 giant cockroaches
  12 goblins
  4 hobgoblins
  6 jackals
  3 quokkas
  4 ball pythons
  4 bats
  A frilled lizard (D:1)
  18 kobolds
  2 rats
226 creatures vanquished.

Vanquished Creatures (collateral kills)
  A cyclops (D:9)
1 creature vanquished.

Vanquished Creatures (others)
  An adder zombie (D:5)
  A kobold (D:4)
  2 plants (D:7)
4 creatures vanquished.

Grand Total: 231 creatures vanquished

Notes
Turn   | Place    | Note
-------+----------+-------------------------------------------
     0 | D:1      | LustLizard the Minotaur Berserker began the quest for the
                  | Orb.
     0 | D:1      | Reached XP level 1. HP: 19/19 MP: 0/0
    99 | D:1      | Reached skill level 4 in Axes
   370 | D:1      | Reached XP level 2. HP: 27/27 MP: 1/1
   605 | D:1      | Reached ** piety under Trog
   626 | D:1      | Reached XP level 3. HP: 16/33 MP: 2/2
  1005 | D:2      | Noticed Terence
  1033 | D:2      | Killed Terence
  1034 | D:2      | Reached skill level 1 in Throwing
  1427 | D:2      | Reached XP level 4. HP: 40/40 MP: 3/3
  1432 | D:2      | Reached skill level 5 in Axes
  1585 | D:2      | Found a runed translucent door.
  1586 | D:2      | Noticed Crazy Yiuf
  2215 | D:2      | Killed Crazy Yiuf
  2245 | D:3      | Noticed a sky beast
  2250 | D:3      | Reached XP level 5. HP: 47/47 MP: 4/4
  2252 | D:3      | Killed a sky beast
  2482 | D:3      | Reached skill level 6 in Axes
  2581 | D:3      | Found a faded altar of an unknown god.
  2667 | D:3      | Reached XP level 6. HP: 41/55 MP: 5/5
  2840 | D:3      | Reached skill level 5 in Fighting
  2922 | D:3      | Noticed Jessica
  2930 | D:3      | Killed Jessica
  3156 | D:3      | Found a snail-covered altar of Cheibriados.
  3352 | D:4      | Reached XP level 7. HP: 55/61 MP: 6/6
  3605 | D:4      | Reached *** piety under Trog
  3623 | D:4      | Found a transporter.
  3625 | D:4      | Noticed SuperSeabass's ghost (novice BaAM)
  3882 | D:4      | Reached skill level 7 in Axes
  3882 | D:4      | Reached skill level 1 in Evocations
  4111 | D:4      | Found a transporter.
  4449 | D:5      | Entered Level 5 of the Dungeon
  4784 | D:5      | Noticed Ijyb
  4822 | D:5      | Killed Ijyb
  4907 | D:5      | Reached skill level 5 in Throwing
  5053 | D:5      | Reached XP level 8. HP: 49/70 MP: 7/7
  5403 | D:6      | Reached skill level 8 in Axes
  6829 | D:7      | Found a staircase to the Ecumenical Temple.
  6854 | D:7      | Reached **** piety under Trog
  6857 | D:7      | Reached skill level 9 in Axes
  6948 | D:7      | Reached XP level 9. HP: 78/78 MP: 8/8
  6950 | D:7      | Found a transporter.
  6957 | D:7      | Found a transporter.
  8265 | D:4      | Killed SuperSeabass's ghost
  8266 | D:4      | Reached skill level 5 in Evocations
  8360 | D:8      | Found a staircase to the Lair.
  8378 | D:8      | Reached skill level 10 in Axes
  8497 | D:8      | Found a glowing golden altar of the Shining One.
  8500 | D:8      | Found a glowing silver altar of Zin.
  8502 | D:8      | Found a basalt altar of Yredelemnul.
  8502 | D:8      | Found an iron altar of Okawaru.
  8554 | D:8      | Found a stormy altar of Qazlal.
  8555 | D:8      | Found a broken altar of Ashenzari.
  9018 | D:8      | Reached XP level 10. HP: 74/88 MP: 9/9
 10251 | D:9      | Found a staircase to the Orcish Mines.
 10771 | D:9      | Noticed Prince Ribbit
 10773 | D:9      | Reached skill level 11 in Axes
 10936 | D:8      | Killed Prince Ribbit
 11560 | D:9      | Noticed a cyclops
 11695 | Orc:1    | Entered Level 1 of the Orcish Mines
 11796 | Orc:1    | Noticed an orc knight
 11808 | Orc:1    | Killed an orc knight
 11996 | Orc:1    | Found Nor Bup's Weapon Emporium.
 12032 | Orc:1    | Noticed Nergalle
 12061 | D:9      | Killed a cyclops
 12301 | D:9      | Noticed a white ugly thing
 12307 | D:9      | Slain by a white ugly thing

Illustrated notes

Levels and vault maps discovered:
D:1:      ncdulo_halloftheorcs, layout_basic, minmay_bisected
D:2:      layout_loops_ring, uniq_terence, uniq_crazy_yiuf_cottage
D:3:      layout_loops_corners, slow_altar_2, hellmonk_ecumenical_altar_blasted,
          small_statue_intersection, uniq_jessica
D:4:      layout_basic, gammafunk_ghost_smash, nicolae_figureground_sparkle
D:5:      layout_cave_pools, uniq_ijyb
D:6:      layout_cave_pools
D:7:      gammafunk_steamed_eel, layout_basic, minmay_temple_entry_mist,
          grunt_decor_resistance
D:8:      wad_river_or_something, layout_rooms, grunt_temple_overflow_open,
          lair_entry_dummy, serial_glass, glass_columns_c, glass_columns_b,
          serial_bayou_pond_e
D:9:      kennysheep_steamy, layout_loops_ring, orc_0_dummy, minivault_20,
          uniq_prince_ribbit1
Orc:1:    layout_diamond_mine, serial_shops, shop_fountains, uniq_urug,
          uniq_nergalle

Skill      XL: |  1  2  3  4  5  6  7  8  9 10 |
---------------+-------------------------------+-----
Axes           | 4 5 6 7 9 10 11 | 11.6
Fighting       | 4 5 6 7 8 |  8.7
Throwing       | 1 2 3 4 5 6 7 9 |  9.0
Evocations     | 2 4 5 7 |  7.1
Armour         | 4 |  4.2
Dodging        | |  2.1

Action                   |  1- 3 |  4- 6 |  7- 9 | 10-12 || total
-------------------------+-------+-------+-------+-------++-------
Melee: Hand axe          |    77 |    71 |    51 |       ||   199
       Headbutt          |     7 |    14 |    45 |    30 ||    96
       Punch             |     1 |     1 |     3 |     1 ||     6
       Broad axe         |       |       |   236 |   139 ||   375
Throw: Stone             |     2 |    18 |   132 |    59 ||   211
       Boomerang         |       |       |       |     5 ||     5
Invok: Berserk           |     2 |     2 |     7 |     4 ||    15
       Trog's Hand       |       |     1 |     1 |       ||     2
       Brothers in Arms  |       |       |     1 |     1 ||     2
Evoke: Wand              |       |       |     3 |       ||     3
 Stab: Sleeping          |     3 |       |       |       ||     3
Armor: Animal skin       |     4 |       |       |       ||     4
       Chain mail        |    13 |    28 |   100 |       ||   141
       Ring mail         |       |       |    13 |    49 ||    62
       Plate armour      |       |       |       |    44 ||    44
Dodge: Dodged            |    29 |    27 |   144 |   107 ||   307
